 Dungeon Crawl Stone Soup version 0.27-a0-538-g15ff5c5295 (webtiles) character file.

Game seed: 16989952797484863983

224363 karrick the Distorting Demonspawn (level 18, -1/153 HPs)
             Began as a Demonspawn Abyssal Knight on Mar 6, 2021.
             Was a Believer of Lugonu.
             Hit by a silver javelin thrown by a merfolk javelineer (4 damage)
             ... on level 4 of the Shoals on Mar 7, 2021.
             The game lasted 02:56:25 (65395 turns).

karrick the Distorting Demonspawn (DsAK)           Turns: 65395, Time: 02:56:25

Health: -1/153     AC: 33    Str: 16    XL:     18   Next: 59%
Magic:  21/32      EV: 18    Int: 15    God:    Lugonu [**....]
Gold:   2923       SH:  9    Dex: 22    Spells: 17/18 levels left

rFire    . . .     SeeInvis +   r - +7 hand axe (freeze)
rCold    . . .     Faith    .   (no shield)
rNeg     . . .     Spirit   .   M - +0 swamp dragon scales
rPois    +         Reflect  +   (helmet unavailable)
rElec    .         Harm     .   e - +2 cloak {rPois}
rCorr    .         Rampage  .   I - +0 pair of gloves
Will     +....                  (no boots)
Stlth    ++........             u - amulet of reflection
HPRegen  0.35/turn              F - ring of the Tortoise {AC+8}
MPRegen  0.23/turn              q - +6 ring of dexterity

@: very slow
A: antennae 3, icemail 2, sharp scales 2, condensation shield
}: 1/15 runes: gossamer
a: Renounce Religion, Depart the Abyss, Bend Space


You were on level 4 of the Shoals.
You worshipped Lugonu.
Lugonu was pleased with you.
You visited 6 branches of the dungeon, and saw 33 of its levels.
You visited the Abyss 1 time.
You also visited: Ice Cave.

You collected 3529 gold pieces.
You spent 606 gold pieces at shops.

Inventory:

Hand Weapons
 r - a +7 hand axe of freezing (weapon)
 v - the +8 demon trident "Rift" {distort, reach+}
   (You found it on level 1 of the Lair of Beasts)

   It warps and distorts space around it.
   Unwielding it can cause banishment or high damage.
 V - a +2 scimitar of flaming
 Y - a +5 hand axe of electrocution
 Z - a +2 war axe of draining
Missiles
 U - 7 silver boomerangs
Armour
 e - a +2 cloak of poison resistance (worn)
 i - +0 gold dragon scales
 w - the +2 cloak of the Thief {*Fog Slay-2 SInv Stlth+}
   (You found it on level 3 of the Spider Nest)

   It affects your accuracy and damage with ranged weapons and melee attacks
   (-2).
   It lets you see invisible.
   It makes you more stealthy.
 H - the +3 scale mail of the Jabberwock {Dex+2}
   (You found it on level 9 of the Dungeon)

   It affects your dexterity (+2).
 I - a +0 pair of gloves (worn)
 M - +0 swamp dragon scales (worn)
Jewellery
 d - a ring of flight
 m - a ring of protection from fire
 q - a +6 ring of dexterity (right hand)
 u - an amulet of reflection (around neck)
 z - an amulet of faith
 C - a ring of willpower
 E - a +6 ring of strength
 F - the ring of the Tortoise (left hand) {AC+8}
   (You found it on level 14 of the Dungeon)

   [ring of protection]

   It affects your AC (+8).
 J - the ring of Terra Nullius {Ice Int+4}
   (You found it on level 10 of the Dungeon)

   [ring of ice]

   It enhances your ice magic.
   It affects your intelligence (+4).
   It makes you vulnerable to fire.
   It protects you from cold.
Wands
 g - a wand of flame (13)
 G - a wand of digging (8)
Scrolls
 a - 3 scrolls of teleportation
 b - 7 scrolls of amnesia
 c - 8 scrolls of immolation
 h - 8 scrolls of vulnerability
 o - 5 scrolls of enchant armour
 t - 6 scrolls of blinking
 y - 2 scrolls of silence
 Q - 4 scrolls of magic mapping
 T - a scroll of identify
 X - 2 scrolls of summoning
Potions
 f - 2 potions of ambrosia
 j - 8 potions of cancellation
 k - 9 potions of attraction
 l - 5 potions of mutation
 p - 12 potions of curing
 x - 12 potions of flight
 A - 2 potions of might
 B - 5 potions of lignification
 D - 3 potions of heal wounds
 K - 2 potions of resistance
 L - a potion of magic
 P - 7 potions of haste
 R - 2 potions of berserk rage
 W - 5 potions of brilliance
Miscellaneous
 n - a tin of tremorstones (2/2)
 N - a phantom mirror
 O - a box of beasts
 S - a phial of floods


   Skills:
 * Level 16.7 Fighting
 + Level 1.7 Long Blades
 + Level 14.9 Axes
 + Level 10.5 Armour
 + Level 10.8 Dodging
 + Level 7.6 Stealth
 - Level 4.3 Shields
 + Level 0.7 Spellcasting
 + Level 1.0 Translocations
 * Level 20.7 Invocations
 + Level 1.8 Evocations


You had 17 spell levels left.
You knew the following spells:

 Your Spells              Type           Power      Damage    Failure   Level
a - Apportation           Tloc           6%         N/A       28%         1

Your spell library contained the following spells:

 Spells                   Type           Power      Damage    Failure   Level
 Animate Skeleton         Necr           0%         N/A       38%         1
 Corona                   Hex            0%         N/A       38%         1
 Foxfire                  Conj/Fire      0%         2x1d4     38%         1
 Magic Dart               Conj           0%         1d3       38%         1
 Pain                     Necr           0%         1d4       38%         1
 Summon Small Mammal      Summ           0%         N/A       38%         1
 Blink                    Tloc           N/A        N/A       38%         2
 Call Imp                 Summ           0%         N/A       54%         2
 Ensorcelled Hibernation  Hex/Ice        0%         N/A       54%         2
 Slow                     Hex            0%         N/A       54%         2
 Portal Projectile        Hex/Tloc       4%         N/A       71%         3
 Confusing Touch          Hex            0%         N/A       77%         3
 Conjure Flame            Conj/Fire      0%         6-21      77%         3
 Dazzling Flash           Conj/Hex       0%         N/A       77%         3
 Ignite Poison            Fire/Tmut/Pois 0%         N/A       77%         3
 Mephitic Cloud           Conj/Pois/Air  0%         N/A       77%         3
 Summon Guardian Golem    Hex/Summ       0%         N/A       77%         3
 Tukima's Dance           Hex            0%         N/A       77%         3
 Vampiric Draining        Necr           0%         2d6       77%         3
 Animate Dead             Necr           0%         N/A       99%         4
 Cause Fear               Hex            0%         N/A       99%         4
 Summon Lightning Spire   Summ/Air       0%         N/A       99%         4
 Agony                    Necr           0%         N/A       100%        5
 Borgnjor's Vile Clutch   Necr/Erth      0%         N/A       100%        5
 Silence                  Hex/Air        0%         N/A       100%        5
 Conjure Ball Lightning   Conj/Air       0%         3x3d6     100%        6
 Death Channel            Necr           0%         N/A       100%        6
 Simulacrum               Ice/Necr       0%         N/A       100%        6
 Dragon Form              Tmut           0%         N/A       100%        7
 Dragon's Call            Summ           0%         N/A       100%        9
 Tornado                  Air            0%         N/A       100%        9


Dungeon Overview and Level Annotations

Branches:
Dungeon (15/15)            Temple (0/1) D:7            Lair (6/6) D:10
 Shoals (4/4) Lair:2       Spider (4/4) Lair:4        Slime (0/5) Lair:5
    Orc (2/2) D:10            Elf (0/3) Orc:2        Vaults (2/5) D:14
 Depths (0/5) D:15          IceCv (visited)
  Crypt: Vaults:2-3

Altars:
Dithmenos
Fedhas
Gozag
Hepliaklqana
Nemelex Xobeh
Qazlal
Trog
Wu Jian
Xom
Zin
Beogh

Shops:
D:7 (   D:12 *   Orc:2 =!(*   Shoals:1 ?   Vaults:1 :

Portals:
Pandemonium: Orc:2
Trove: Vaults:1 (show slimy rune of Zot)

Annotations:
D:2 Natasha
Lair:1 exclusions: oklob plant and orange crystal statue
Shoals:1 Donald
Shoals:2 corrupted
Abyss:1 Grum


Innate Abilities, Weirdness & Mutations

You have a pair of large antennae on your head. (SInv)
A meltable icy envelope protects you from harm. (AC +8)
You are mostly covered in razor-sharp scales. (AC +2, Slay +2)
A meltable shield of frost defends you. (SH +4)


Message History

Okay, then.
The merfolk hits you but does no damage.
You block the merfolk's attack.
The merfolk javelineer throws a javelin.
The javelin pierces through you but does no damage.
Press: ? - help, Shift-Dir - straight line, f - merfolk javelineer
Aim: a merfolk javelineer, wielding a +3 spear of flaming, wearing a +0 leather armour and quivering javelins (chance to affect: 67%)
The merfolk javelineer is devoured by a tear in reality.
Lugonu claims a new guest.
You can no longer banish your foes.
Unknown command.
The merfolk hits you from afar with a +0 trident!
* * * LOW HITPOINT WARNING * * *
The merfolk closely misses you.
The merfolk javelineer throws a silver javelin.
The silver javelin pierces through you!
* * * LOW HITPOINT WARNING * * *
The silver sears you!
* * * LOW HITPOINT WARNING * * *
As you read the scroll of fear, it crumbles to dust.
You assume a fearsome visage.
The merfolk javelineer resists with some effort.
The merfolk looks frightened! x2; The merfolk easily resists. x2
The merfolk hits you but does no damage.
The merfolk closely misses you.
The merfolk javelineer throws a silver javelin.
The silver javelin pierces through you but does no damage.
The silver sears you!
* * * LOW HITPOINT WARNING * * *
Unknown command.
Blink to where?
Press: ? - help, Dir - move target Splash!
You fall into the shallow water.
Moving in this stuff is going to be slow.
As you read the scroll of blinking, it crumbles to dust.
The merfolk javelineer throws a silver javelin.
The silver javelin pierces through you!
* * * LOW HITPOINT WARNING * * *
The silver sears you!
You die...

≈≈≈≈≈≈≈≈≈≈≈≈≈≈≈≈≈≈≈≈≈≈≈≈≈≈
≈≈≈≈≈≈≈≈≈≈≈≈≈≈≈≈≈≈≈≈≈≈≈≈≈≈
≈≈≈≈≈≈≈≈.≈)≈#≈####≈≈≈≈≈≈≈≈
≈≈≈≈≈≈≈...))#######≈≈≈≈≈≈≈
≈≈≈≈≈≈≈...≈#≈≈##≈≈##≈≈≈≈≈≈
≈≈≈≈≈≈....##≈≈≈≈≈≈≈##≈≈≈≈≈
≈≈≈≈≈≈≈).≈###≈#≈#≈##≈≈≈≈≈≈
≈≈≈≈≈≈≈≈≈≈##≈≈≈≈≈≈###≈≈≈≈≈
≈≈≈≈≈≈≈≈≈@###≈#≈#≈##≈≈≈≈≈≈
≈≈≈≈≈≈≈≈≈≈≈≈#≈≈≈≈≈≈≈##≈≈≈≈≈
≈≈≈≈≈≈≈≈≈≈.≈###≈###≈###≈≈≈≈≈
≈≈≈≈≈≈≈≈≈≈...≈≈### ###≈≈≈≈≈≈≈
≈≈≈≈≈≈≈≈≈≈..).≈≈≈####≈≈≈≈≈≈≈≈
≈≈≈≈≈≈≈≈≈≈..m..≈≈≈≈....≈≈≈≈≈≈
≈≈≈≈≈≈≈≈≈.[...m.m≈.....≈≈≈≈≈≈
≈≈≈≈≈≈≈≈≈≈≈≈≈....§m.m))....≈≈≈≈≈≈
≈≈≈≈≈≈≈≈≈≈≈≈..#..##.#......≈≈


You could see a merfolk javelineer and 2 merfolk.

Vanquished Creatures
  Kirke (D:13)
  A frost giant (IceCv)
  2 fire giants
  A vault warden (Vaults:2)
  6 ghost moths
  3 ironheart preservers
  A stone giant (Vaults:1)
  An entropy weaver (Spider:3)
  2 merfolk impalers
  3 merfolk javelineers (Shoals:4)
  An ettin (Orc:1)
  Josephine (D:13)
  2 vault guards
  Fannar (D:11)
  A hydra (D:11)
  4 yaktaur captains
  Erica (D:11)
  2 ogre magi
  A catoblepas (Lair:6)
  A merfolk aquamancer (Shoals:4)
  7 centaur warriors
  A merfolk avatar (Shoals:3)
  13 two-headed ogres
  9 death yaks
  3 orc high priests (Orc:2)
  Nergalle (Orc:1)
  3 deep trolls (Vaults:1)
  3 sea snakes
  2 gelid demonspawn (Orc:2)
  3 skeletal warriors (D:15)
  3 unseen horrors
  A torturous demonspawn (Orc:2)
  3 wizards
  A necromancer (Vaults:1)
  4 ironbrand convokers
  A lindwurm (Lair:6)
  13 harpies
  25 orb spiders
  An orb spider (shapeshifter) (D:15)
  A deep elf zephyrmancer (Vaults:1)
  8 orc knights
  A human zombie (Vaults:1)
  8 ugly things
  10 orc sorcerers
  3 manticores
  7 fauns
  40 wolf spiders
  6 cyclopes
  A tengu skeleton (Vaults:1)
  3 moths of wrath
  4 black mambas
  9 elephants
  4 merfolk sirens
  Maurice (Orc:1)
  2 vault sentinels (Vaults:2)
  An ice statue (IceCv)
  5 water nymphs
  9 cane toads
  7 centaur skeletons
  Joseph (D:7)
  4 gargoyles
  Maggie (D:7)
  2 freezing wraiths (Vaults:1)
  9 demonic crawlers
  8 rime drakes
  An efreet (D:14)
  10 komodo dragons
  7 yaktaurs
  A hellwing (Orc:2)
  An ice devil (Orc:2)
  A red devil (Orc:2)
  A redback zombie (D:15)
  2 human skeletons (Vaults:1)
  3 trolls
  26 jumping spiders
  25 polar bears
  11 hornets
  19 merfolk
  A queen bee (D:12)
  3 meliai (Spider:4)
  A raiju (shapeshifter) (D:14)
  A blink frog (Lair:6)
  11 slime creatures
  3 meliai zombies
  3 raiju (Lair:6)
  12 dream sheep
  A snapping turtle (Shoals:3)
  61 redbacks
  A spriggan (shapeshifter) (D:14)
  Sigmund (D:5)
  28 tarantellas
  4 water elementals
  A shadow (D:14)
  A centaur simulacrum (D:14)
  A redback (shapeshifter) (D:14)
  9 wraiths
  5 wyverns
  3 basilisks
  5 humans (Lair:5)
  47 yaks
  Eustachio (D:4)
  4 hogs (D:13)
  A chaos spawn (Orc:2)
  6 wargs (Lair:6)
  12 water moccasins
  12 hell hounds (Lair:6)
  2 acid dragons
  A swamp drake (D:10)
  27 orc warriors
  An ice beast (D:10)
  6 sky beasts
  13 black bears
  3 necrophages
  An eye of draining (D:15)
  19 ogres
  34 wolves
  14 centaurs
  A phantom (D:8)
  14 bullfrogs
  2 wyvern skeletons
  32 killer bees
  3 scorpions
  13 wights
  4 howler monkeys
  5 electric eels
  3 centaur zombies
  A quasit (D:15)
  9 hounds
  23 orc priests
  A bullfrog skeleton (D:12)
  A human simulacrum (Vaults:1)
  16 jellies
  Jessica (D:2)
  17 orc wizards
  9 worker ants
  Robin (D:1)
  14 adders
  8 river rats (D:5)
  2 shadow imps (D:5)
  5 white imps
  2 ufetubi
  2 oozes
  An adder skeleton (D:4)
  2 worms (D:3)
  3 dart slugs
  4 leopard geckos
  77 orcs
  2 giant cockroaches
  14 goblins
  7 hobgoblins
  8 jackals
  9 quokkas
  A ball python skeleton (D:4)
  4 bats
  2 frilled lizards (D:1)
  A jackal skeleton (D:4)
  4 kobolds
  A quokka skeleton (D:9)
  22 rats
1107 creatures vanquished.

Vanquished Creatures (collateral kills)
  A deep elf pyromancer (D:14)
1 creature vanquished.

Vanquished Creatures (others)
  Frances (Shoals:2)
  Aizul (Shoals:2)
  2 merfolk impalers (Shoals:2)
  A merfolk avatar (Shoals:2)
  A harpy (Shoals:2)
  A manticore (Shoals:2)
  2 merfolk sirens (Shoals:2)
  3 water nymphs (Shoals:2)
  A wind drake (Shoals:2)
  5 merfolk (Shoals:2)
  A redback (Spider:4)
  A human (Lair:5)
  A bush (Lair:6)
  43 fungi
  179 plants
  3 starspawn tentacles (Shoals:2)
246 creatures vanquished.

Grand Total: 1354 creatures vanquished

Notes
Turn   | Place    | Note
-------+----------+-------------------------------------------
     0 | Abyss:1  | karrick the Demonspawn Abyssal Knight began the quest for
                  | the Orb.
     0 | Abyss:1  | Reached XP level 1. HP: 18/18 MP: 2/2
    29 | D:1      | Escaped the Abyss
   387 | D:1      | Gained mutation: A meltable shield of frost defends you.
                  | (SH +4) [demonic ancestry]
   387 | D:1      | Reached XP level 2. HP: 21/24 MP: 3/3
   684 | D:1      | Reached skill level 1 in Dodging
  1028 | D:1      | Found a sparkling altar of Nemelex Xobeh.
  1256 | D:2      | Noticed Jessica
  1256 | D:2      | Noticed Robin
  1261 | D:1      | Reached XP level 3. HP: 25/29 MP: 5/5
  1355 | D:1      | Reached ** piety under Lugonu
  1698 | D:1      | Killed Robin
  1699 | D:1      | Reached skill level 3 in Invocations
  1830 | D:2      | Killed Jessica
  1831 | D:2      | Gained mutation: You are partially covered in razor-sharp
                  | scales. (AC +1, Slay +1) [demonic ancestry]
  1831 | D:2      | Reached XP level 4. HP: 22/37 MP: 6/6
  2032 | D:2      | Found a faded altar of an unknown god.
  2336 | D:2      | Noticed Natasha
  3314 | D:3      | Gained mutation: You are mostly covered in razor-sharp
                  | scales. (AC +2, Slay +2) [demonic ancestry]
  3314 | D:3      | Reached XP level 5. HP: 37/42 MP: 7/7
  3773 | D:4      | Noticed Eustachio
  4174 | D:4      | Reached *** piety under Lugonu
  4236 | D:4      | Killed Eustachio
  4237 | D:4      | Reached skill level 4 in Invocations
  4237 | D:4      | Gained mutation: You have a pair of small antennae on your
                  | head. [demonic ancestry]
  4237 | D:4      | Reached XP level 6. HP: 35/48 MP: 7/9
  4479 | D:5      | Entered Level 5 of the Dungeon
  4484 | D:5      | Noticed Sigmund
  4501 | D:5      | Noticed a sky beast
  4504 | D:5      | Killed Sigmund
  4505 | D:5      | Reached skill level 1 in Shields
  4505 | D:5      | Gained mutation: You have a pair of antennae on your head.
                  | [demonic ancestry]
  4505 | D:5      | Reached XP level 7. HP: 45/54 MP: 10/10
  4658 | D:5      | Found a shimmering altar of Xom.
  4710 | D:5      | Reached skill level 5 in Invocations
  4728 | D:6      | Reached skill level 5 in Axes
  4728 | D:6      | Reached skill level 1 in Stealth
  5071 | D:6      | Found an ornate altar of the Wu Jian Council.
  5187 | D:6      | Found a stormy altar of Qazlal.
  5487 | D:6      | Reached XP level 8. HP: 58/61 MP: 12/12
  5526 | D:6      | Found a hazy altar of Hepliaklqana.
  5777 | D:6      | Noticed a two-headed ogre
  5790 | D:7      | Found Zitiuble's Weapon Emporium.
  6039 | D:7      | Found a staircase to the Ecumenical Temple.
  6048 | D:7      | Noticed Joseph
  6061 | D:7      | Noticed Maggie
  6177 | D:8      | Reached skill level 6 in Invocations
  6829 | D:8      | Found a bloodstained altar of Trog.
  6944 | D:8      | Reached skill level 5 in Fighting
  7052 | D:8      | Noticed Grum
  7139 | D:8      | Banished Grum
  7140 | D:8      | Reached XP level 9. HP: 37/68 MP: 9/14
  7166 | D:8      | Reached skill level 7 in Invocations
  7865 | D:5      | Found a shadowy altar of Dithmenos.
  8218 | D:5      | Reached **** piety under Lugonu
  8222 | D:5      | Reached skill level 8 in Invocations
  8985 | D:6      | Killed a two-headed ogre
  9748 | D:9      | Identified the +3 scale mail of the Jabberwock {Dex+2}
  9804 | D:9      | Reached XP level 10. HP: 76/76 MP: 16/16
  9873 | D:9      | Found a blossoming altar of Fedhas.
 10018 | D:10     | Entered Level 10 of the Dungeon
 10066 | D:10     | Identified the ring of Terra Nullius {Ice Int+4}
 10282 | D:10     | Reached skill level 9 in Invocations
 10572 | D:10     | Found a staircase to the Lair.
 10740 | D:10     | Noticed a gargoyle
 10870 | D:10     | Killed a gargoyle
 11295 | D:10     | Noticed a gargoyle
 11332 | D:10     | Banished a gargoyle
 11333 | D:10     | Reached skill level 5 in Dodging
 11697 | D:10     | Found a staircase to the Orcish Mines.
 12623 | D:11     | Noticed a two-headed ogre
 12663 | D:11     | Reached skill level 10 in Invocations
 12851 | D:11     | Noticed Erica
 13011 | D:7      | Killed Maggie
 13012 | D:7      | Reached skill level 5 in Armour
 13248 | D:7      | Killed Joseph
 13273 | D:7      | Found an opulent altar of Gozag.
 13581 | Lair:1   | Entered Level 1 of the Lair of Beasts
 13603 | Lair:1   | Noticed a six-headed hydra
 13609 | Lair:1   | Noticed an oklob plant
 13615 | Lair:2   | Noticed a black mamba
 13627 | Lair:2   | Banished a black mamba
 14078 | Lair:2   | Found a staircase to the Shoals.
 14296 | Lair:2   | Reached XP level 11. HP: 76/83 MP: 18/18
 14351 | Lair:2   | Noticed a boulder beetle
 14360 | Lair:2   | Banished a boulder beetle
 14653 | Lair:2   | Reached skill level 11 in Invocations
 15413 | Lair:3   | Noticed a catoblepas
 16430 | D:11     | Noticed Fannar
 16430 | D:11     | Noticed an eight-headed hydra
 16514 | D:12     | Noticed a boulder beetle
 16565 | D:11     | Banished a boulder beetle
 17034 | D:12     | Paralysed by a hornet for 2 turns
 17254 | D:12     | Noticed a boulder beetle
 17630 | D:12     | Banished a boulder beetle
 17631 | D:12     | Reached skill level 12 in Invocations
 18792 | D:12     | Found Ogrestio's Assorted Antiques.
 18798 | D:12     | Bought a red potion for 18 gold pieces
 18798 | D:12     | Bought a scroll labelled RELOTA FAEVYU for 21 gold pieces
 18798 | D:12     | Bought a glowing hand axe for 126 gold pieces
 18858 | D:12     | Gained mutation: A meltable icy envelope protects you from
                  | harm. (AC +8) [demonic ancestry]
 18858 | D:12     | Reached XP level 12. HP: 78/92 MP: 16/21
 19827 | D:13     | Noticed a two-headed ogre
 20222 | D:13     | Killed a two-headed ogre
 20223 | D:13     | Reached skill level 13 in Invocations
 20224 | D:13     | Noticed a centaur warrior
 20245 | D:12     | Reached skill level 10 in Axes
 21020 | D:11     | Noticed a two-headed ogre
 21028 | D:11     | Killed a two-headed ogre
 21197 | D:11     | Killed Fannar
 21895 | Lair:3   | Reached skill level 14 in Invocations
 22888 | Lair:4   | Reached skill level 5 in Stealth
 22952 | Lair:4   | Noticed a six-headed hydra
 22975 | Lair:4   | Reached skill level 1 in Evocations
 23446 | Lair:4   | Found a hole to the Spider Nest.
 23727 | Lair:6   | Entered Level 6 of the Lair of Beasts
 23755 | Lair:6   | Found a frozen archway.
 23832 | IceCv    | Entered an ice cave
 24112 | IceCv    | Reached XP level 13. HP: 70/101 MP: 18/23
 25041 | IceCv    | Reached skill level 10 in Fighting
 25272 | IceCv    | Noticed a frost giant
 25481 | IceCv    | Killed a frost giant
 26151 | Lair:6   | Upgraded the game from 0.27-a0-531-gb72ec1a1b6 to
                  | 0.27-a0-538-g15ff5c5295
 26810 | Lair:6   | Reached skill level 15 in Invocations
 28498 | Lair:6   | Noticed a dire elephant
 29332 | Lair:4   | Reached XP level 14. HP: 81/113 MP: 25/25
 30472 | Lair:1   | Reached skill level 16 in Invocations
 31092 | Lair:1   | Found a hazy altar of Hepliaklqana.
 31177 | Lair:1   | Found the +8 demon trident "Rift" {distort, reach+}
 31181 | Lair:1   | Learned a level 1 spell: Apportation
 31818 | Lair:5   | Reached skill level 1 in Translocations
 32139 | Lair:5   | Found a shimmering altar of Xom.
 32243 | Lair:5   | Found a staircase to the Slime Pits.
 33060 | Lair:6   | Reached ***** piety under Lugonu
 35117 | Lair:6   | Identified the Guide on Captivating Contamination
 35794 | D:11     | Killed Erica
 37654 | D:14     | Found the ring of the Tortoise {AC+8}
 37718 | D:14     | Reached skill level 1 in Long Blades
 37836 | D:14     | Gained mutation: A meltable icy envelope protects you from
                  | harm. (AC +8) [demonic ancestry]
 37836 | D:14     | Reached XP level 15. HP: 121/122 MP: 27/27
 38327 | D:14     | Reached skill level 17 in Invocations
 38623 | D:14     | Found a gate to the Vaults.
 38761 | D:15     | Entered Level 15 of the Dungeon
 39064 | D:15     | Noticed a fire giant
 39065 | D:15     | Found a staircase to the Depths.
 39671 | D:15     | Reached ****** piety under Lugonu
 39798 | D:15     | Killed a fire giant
 40705 | D:13     | Noticed Josephine
 40727 | D:13     | Killed Josephine
 41124 | D:13     | Noticed Kirke
 41140 | D:13     | Killed Kirke
 41772 | Orc:1    | Entered Level 1 of the Orcish Mines
 41862 | Orc:1    | Noticed Nergalle
 41895 | Orc:1    | Killed Nergalle
 42108 | Orc:1    | Noticed Maurice
 42119 | Orc:1    | Killed Maurice
 42289 | Orc:1    | You fall into a shaft and drop 1 floor!
 42289 | Orc:2    | Entered Level 2 of the Orcish Mines
 42406 | Orc:1    | Paralysed by an orc sorcerer for 2 turns
 43230 | Orc:2    | Found a staircase to the Elven Halls.
 43669 | Orc:2    | Found Tiusaot's General Store.
 43671 | Orc:2    | Found Luixadd's Distillery.
 43965 | Orc:2    | Bought a scroll of identify for 26 gold pieces
 43968 | Orc:2    | Bought a potion of heal wounds for 55 gold pieces
 43968 | Orc:2    | Bought a potion of mutation for 88 gold pieces
 44692 | Orc:2    | Reached XP level 16. HP: 82/121 MP: 28/28
 44838 | Orc:2    | Paralysed by an orc sorcerer for 2 turns
 45203 | Orc:2    | Paralysed by an orc sorcerer for 3 turns
 45715 | Orc:2    | Found Zinos's Jewellery Shop.
 45715 | Orc:2    | Found Cemmai Ephi's Antique Weapon Boutique.
 45716 | Orc:2    | Found a one-way gate leading to the halls of Pandemonium.
 45720 | Orc:2    | Bought a runed war axe for 182 gold pieces
 46005 | Spider:1 | Entered Level 1 of the Spider Nest
 46441 | Spider:1 | Reached skill level 18 in Invocations
 51080 | Spider:3 | Found the +2 cloak of the Thief {*Fog Slay-2 SInv Stlth+}
 51361 | Spider:4 | Entered Level 4 of the Spider Nest
 52150 | Spider:2 | Reached skill level 15 in Fighting
 52150 | Spider:2 | Gained mutation: You have a pair of large antennae on your
                  | head. (SInv) [demonic ancestry]
 52150 | Spider:2 | Reached XP level 17. HP: 53/142 MP: 25/30
 54288 | Spider:2 | Reached skill level 19 in Invocations
 55141 | Spider:4 | Identified the +5 battleaxe of Classification {freeze,
                  | *Noise rC+ Str+5}
 55439 | Spider:4 | Reached skill level 10 in Armour
 56083 | Spider:4 | Reached skill level 10 in Dodging
 56407 | Spider:4 | Paralysed by a hornet for 3 turns
 56868 | Spider:4 | Got a gossamer rune of Zot
 57299 | Vaults:1 | Entered Level 1 of the Vaults
 57309 | Vaults:1 | Found Suigheon's Book Boutique.
 57457 | Vaults:1 | Found a portal to a secret trove of treasure.
 59678 | Vaults:2 | Reached XP level 18. HP: 151/151 MP: 31/31
 60280 | Vaults:2 | Reached skill level 20 in Invocations
 60806 | Shoals:1 | Entered Level 1 of the Shoals
 60934 | Shoals:1 | Noticed Donald
 60954 | Shoals:1 | Found Cascha Garuaq's Magic Scroll Boutique.
 60963 | Shoals:1 | Bought a scroll of blinking for 90 gold pieces
 62045 | Shoals:2 | Noticed Frances
 62047 | Shoals:2 | Noticed Aizul
 62646 | Shoals:2 | Corrupted Shoals:2
 62646 | Shoals:2 | Noticed a profane servitor
 62646 | Shoals:2 | Noticed a Hell Sentinel
 62647 | Shoals:2 | Noticed a lich
 62653 | Shoals:2 | Killed Frances
 62654 | Shoals:2 | Killed Aizul
 62900 | Shoals:4 | Entered Level 4 of the Shoals
 65395 | Shoals:4 | HP: 3/153 [merfolk javelineer/silver javelin (11)]
 65395 | Shoals:4 | Hit by a silver javelin thrown by a merfolk javelineer

Illustrated notes

Levels and vault maps discovered:
D:1:      nzn_arrival_depleted_hourglass, layout_basic, serial_forest,
          infiniplex_forest_straight_2, infiniplex_forest_lined_room_2,
          infiniplex_forest_clump_medium, infiniplex_forest_end_2,
          infiniplex_forest_diagonal, infiniplex_forest_end_double,
          infiniplex_forest_join, infiniplex_forest_corner_2, roderic_lattice_a,
          nemelex_diamond_rough_becter
D:2:      layout_basic, chequers_ecumenical_altar_simple_redux, minivault_19,
          uniq_natasha, uniq_jessica, uniq_robin
D:3:      layout_loops_ring
D:4:      layout_rooms, uniq_eustachio
D:5:      lemuel_ratsnest, layout_cave_pools, nicolae_dithmenos_shadow_blocks,
          zin_statuary, lemuel_altar_in_water, uniq_sigmund
D:6:      layout_loops_ring, lemuel_round_altar, general_overflow_altar,
          nzn_wu_jian_contemplation
D:7:      layout_basic, nicolae_gozag_seed_capital,
          minmay_temple_entry_mini_moons, serial_shops, shop, uniq_maggie,
          uniq_joseph
D:8:      layout_loops_ring, nicolae_overflow_crystal_walls, nrook_mini_vaults,
          uniq_grum
D:9:      layout_cave_pools, fedhas_altar_1
D:10:     layout_basic, erik_lair_dragon, mrwooster_statue_mirror
D:11:     layout_cave_pods, uniq_erica, uniq_fannar
D:12:     layout_layer_cave, special_room [special_room_bee], serial_shops,
          nicolae_shop_trees
D:13:     layout_cave_pools, serial_bayou, serial_bayou_lagoon_a,
          serial_bayou_pond_e, serial_bayou_pond_a, serial_bayou_shore_a,
          uniq_josephine, uniq_kirke
D:14:     layout_roguey, david_vaults_5, kennysheep_nub, item_on_display_a
D:15:     grunt_enter_depths_giant_problem, layout_loops_ring,
          chequers_serial_rivers_micro_b
Lair:1:   statuecave_lemuel, layout_small_grid, lemuel_oklob_altar
Lair:2:   layout_cellular_growth, elwin_shoals_entry_rocks,
          small_statue_intersection, st_stairs_12
Lair:3:   layout_small_grid, minivault_11
Lair:4:   beast_lair_carwin_large_2, layout_long_grid, spider_nest_entry_a
Lair:5:   slaughterhouse, layout_hall_layers, minmay_slime_entry_jelly_boxes,
          basic_altar
Lair:6:   hangedman_lair_caniforms_friends, layout_regular_city,
          hangedman_lair_in_review, portal_ice_cave_rime,
          chequers_serial_rivers_small_3, serial_bayou_crossing
Shoals:1: layout_shoals, serial_shops, shop_scrolls, uniq_donald
Shoals:2: layout_shoals, nicolae_shoals_dead_sea_scrolls, uniq_aizul,
          uniq_frances
Shoals:3: layout_shoals
Shoals:4: shoals_end_grunt_ice, layout_shoals, nzn_prometheus_bound
Spider:1: layout_chambers
Spider:2: layout_spider_delve
Spider:3: layout_chambers, nicolae_spider_webs_and_nodes
Spider:4: spider_rune_water
Orc:1:    layout_diamond_mine, basic_altar, uniq_maurice, uniq_nergalle
Orc:2:    pf_orc_diabolical, layout_diamond_mine, basic_altar
Vaults:1: ontoclasm_vaults_loading_screen, v_pattern_1,
          nicolae_vaults_mini_display_case, vaults_room_hallway,
          vaults_mumra_chevron, v_alt_pattern_4, vaults_room_large_hall,
          vaults_mumra_lcd, v_misc_13, nicolae_vaults_quartermaster,
          nicolae_vaults_little_squares_4, vaults_room_fours, v_misc_23,
          nicolae_vaults_asterisk, v_misc_9, layout_vaults_omnibox,
          enter_trove_0, serial_shops, nicolae_shop_window_shopping
Vaults:2: vaults_room_octagon, hangedman_vaults_cutoff,
          vaults_room_stairs_pillars, v_misc_30, st_check, v_misc_26,
          hangedman_vaults_maws, vaults_standard_mumra_lines, vaults_room_fours,
          ontoclasm_vaults_gateway, nicolae_vaults_little_squares_2,
          layout_vaults_omnicross

Skill      XL: |  1  2  3  4  5  6  7  8  9 10 11 12 13 14 15 16 17 18 |
---------------+-------------------------------------------------------+-----
Armour         | 2 3 4 5 6 7 8 9 10 | 10.5
Dodging        | 1 2 3 4 5 6 7 8 9 10 | 10.8
Axes           | 2 3 4 5 6 7 9 10 11 12 13 14 | 14.9
Invocations    | 3 4 5 6 8 10 12 14 15 16 17 18 19 20 | 20.7
Fighting       | 4 5 6 8 9 11 12 13 15 16 | 16.7
Shields        | 1 2 3 4 |  4.3
Stealth        | 1 2 3 4 5 6 7 |  7.6
Evocations     | 1 |  1.8
Translocations | 1 |  1.0
Long Blades    | 1 |  1.7
Spellcasting   | |  0.7

Action                   |  1- 3 |  4- 6 |  7- 9 | 10-12 | 13-15 | 16-18 || total
-------------------------+-------+-------+-------+-------+-------+-------++-------
Melee: Hand axe          |   105 |   128 |   381 |   808 |  2177 |  2049 ||  5648
       Scimitar          |       |       |       |       |    15 |    12 ||    27
 Cast: Apportation       |       |       |       |       |     5 |       ||     5
Invok: Bend Space        |       |       |     1 |     7 |     1 |     3 ||    12
       Banish            |       |       |     3 |    18 |    16 |    34 ||    71
       Corrupt           |       |       |       |       |       |     1 ||     1
Evoke: Wand              |       |       |     3 |     4 |     6 |     1 ||    14
       Box of beasts     |       |       |       |       |     1 |       ||     1
       Phial of floods   |       |       |       |       |     1 |       ||     1
       Phantom mirror    |       |       |       |       |     1 |       ||     1
  Use: Potion            |       |       |     3 |       |     6 |     6 ||    15
       Scroll            |       |       |    10 |    15 |    12 |    26 ||    63
 Stab: Sleeping          |     1 |     2 |     8 |    10 |    14 |    17 ||    52
       Distracted        |       |       |     1 |     1 |     2 |     4 ||     8
Armor: Leather armour    |    33 |    48 |    91 |       |       |       ||   172
       Scale mail        |       |       |     1 |   179 |   183 |   231 ||   594
       Swamp dragon scal |       |       |       |    69 |   537 |   896 ||  1502
Dodge: Dodged            |    51 |    73 |   209 |   429 |  1212 |  1315 ||  3289
Block: Other             |    12 |    27 |    46 |   109 |   262 |   430 ||   886
       Reflection        |       |       |       |       |       |    14 ||    14
       Rpst.: Scimitar   |       |       |       |       |     3 |     1 ||     4

Table legend: (Time is in decaauts)
 A = Elapsed time spent in this place.
 B = Non-inter-level travel time spent in this place.
 C = Inter-level travel time spent in this place.
 D = Time resting spent in this place.
 E = Time spent auto-exploring this place.
 F = Levels seen in this place.
 G = Mean time per level.
                   A        B        C        D        E       F      G
               +--------+--------+--------+--------+--------+-----+--------+
         Total |  64242 |  59784 |   4458 |  14710 |  30982 |  35 | 1835.5 |
       Dungeon |  25360 |  23085 |   2275 |   5331 |  13131 |  15 | 1690.7 |
          Lair |  14738 |  13599 |   1139 |   3054 |   7302 |   6 | 2456.3 |
        Shoals |   4628 |   4541 |     87 |   1805 |   1462 |   4 | 1157.0 |
   Spider Nest |  10575 |  10003 |    572 |   2256 |   5479 |   4 | 2643.8 |
  Orcish Mines |   3846 |   3654 |    192 |    547 |   1384 |   2 | 1923.0 |
        Vaults |   3112 |   2922 |    190 |   1021 |   1390 |   2 | 1556.0 |
         Abyss |     29 |     29 |      0 |      0 |     12 |   1 |   29.0 |
      Ice Cave |   1952 |   1952 |      0 |    696 |    821 |   1 | 1952.0 |
               +--------+--------+--------+--------+--------+-----+--------+

Top non-repeatable levels by time:
  Lair:6: 5378 daAuts
Spider:3: 4240 daAuts
    D:12: 4067 daAuts
    D:10: 3645 daAuts
   Orc:2: 3082 daAuts
Vaults:1: 2790 daAuts
Spider:4: 2737 daAuts
Spider:1: 2536 daAuts
  Lair:2: 2242 daAuts
    D:11: 2177 daAuts
  Lair:5: 2046 daAuts
    D:14: 1964 daAuts
   IceCv: 1952 daAuts
  Lair:3: 1877 daAuts
     D:1: 1873 daAuts
